 Dungeon Crawl Stone Soup version 0.31-a0-569-g7ea453304b (webtiles) character file.

Game seed: 10372297321671213963

745 Ethylacetat the Ducker (level 7, -2/49 HPs)
             Began as an Octopode Gladiator on Aug 18, 2023.
             Slain by an orc
             ... wielding a +0 dagger
              (4 damage)
             ... on level 5 of the Dungeon.
             The game lasted 00:02:55 (3530 turns).

Ethylacetat the Ducker (Octopode Gladiator)         Turns: 3530, Time: 00:02:56

Health: -2/49      AC:  1    Str: 14    XL:     7   Next: 76%
Magic:  7/7        EV: 15    Int: 10    God:
Gold:   350        SH:  0    Dex: 15    Spells: 6/6 levels left

rFire   . . .        t - +9 long sword "Xiuss" {venom, rC+ Will+}
rCold   + . .        (no shield)
rNeg    . . .        a - +0 hat
rPois   .            (no amulet)
rElec   .            (no ring)
rCorr   .            (no ring)
SInv    .            (no ring)
Will    +....        (no ring)
Stlth   ++           (no ring)
HPRegen 0.28/turn    (no ring)
MPRegen 0.10/turn    (no ring)
                     (no ring)

%: no passive effects
@: no status effects
A: almost no armour, amphibious, 8 rings, camouflage 1, gelatinous body 1,
(nimble swimmer 1), tentacles
a: no special abilities


You were on level 5 of the Dungeon.
You visited 1 branch of the dungeon, and saw 5 of its levels.

You collected 350 gold pieces.

Inventory:

Hand Weapons
 t - the +9 long sword "Xiuss" (weapon) {venom, rC+ Will+}
   (You found it on level 4 of the Dungeon)

   rC+:       It protects you from cold.
   Will+:     It increases your willpower.
Missiles
 b - 3 throwing nets (quivered)
 c - a javelin
Armour
 a - a +0 hat (worn)
Jewellery
 p - a ring of willpower
Talismans
 g - a talisman of death
Scrolls
 e - 6 scrolls of identify {unknown}
 h - a scroll of enchant armour {unknown}
 l - 3 scrolls of enchant weapon {unknown}
 m - 2 scrolls of teleportation {unknown}
 n - a scroll of acquirement {unknown}
 o - a scroll of poison {unknown}
 r - a scroll of torment {unknown}
 u - a scroll of fog {unknown}
 y - a scroll of vulnerability {unknown}
Potions
 d - 2 potions of attraction {unknown}
 f - a potion of haste {unknown}
 i - 3 potions of curing {unknown}
 j - a potion of ambrosia {unknown}
 k - a potion of brilliance {unknown}
 q - 2 potions of heal wounds {unknown}
 s - a potion of mutation {unknown}
 v - a potion of magic {unknown}
 w - 2 potions of enlightenment {unknown}
 x - a potion of might {unknown}


   Skills:
 + Level 4.5 Fighting
 + Level 2.5 Long Blades
 - Level 2.0 Throwing
 + Level 5.1 Dodging
 - Level 4.1 Unarmed Combat
 * Level 3.1 Shapeshifting


You had 6 spell levels left.
You didn't know any spells.
Your spell library contained the following spells:

 Spells                   Type           Power      Damage    Failure   Level
 Sting                    Tmut/Pois      0%         1d3       36%         1
 Poisonous Vapours        Pois/Air       0%         N/A       50%         2
 Olgreb's Toxic Radiance  Pois           0%         N/A       98%         4


Dungeon Overview and Level Annotations

Branches:
Dungeon (5/15)
 Temple: D:4-7

Altars:
Okawaru

Shops:
D:3 :


Innate Abilities, Weirdness & Mutations

You cannot wear most types of armour.
You are amphibious.
You can wear up to eight rings at the same time.
Your skin changes colour to match your surroundings (Stealth+).
Your rubbery body absorbs attacks. (AC +1, EV +1)
((You are camouflaged when in or above water. (Stealth+)))
You have tentacles for arms and can constrict up to eight enemies at once.


Message History

An orc comes into view. It is wielding a +0 dagger.
There are monsters nearby!
An orc priest comes into view. It is wielding a +0 club.
An orc comes into view. It is wielding a +0 hand axe.
A hound comes into view.
There are monsters nearby!
The orc shouts!
You slash the orc priest! Your grab misses the orc priest.
Your squeeze misses the orc priest.
The orc priest is severely wounded.
The orc priest mumbles some strange prayers to Beogh against you.
Beogh smites you!
You hit the orc priest.
The orc priest is poisoned.
Your grab misses the orc priest.
The orc priest is almost dead.
The orc priest mumbles some strange prayers to Beogh against you.
Beogh smites you!
The orc priest invokes the aid of Beogh against you.
You resist with some effort.
You hit the orc priest. You grab the orc priest.
The orc priest is lightly wounded.
You constrict the orc priest.
You kill the orc priest!
The orc priest hits you with a +0 club. The orc hits you with a +0 dagger.
* * * LOW HITPOINT WARNING * * *
You slash the orc priest!
You kill the orc priest!
The hound barely misses you. The orc hits you with a +0 dagger.
* * * LOW HITPOINT WARNING * * *
The hound bites you.
* * * LOW HITPOINT WARNING * * *
You hit the hound.
The hound is poisoned.
You grab the hound. You squeeze the hound!
The hound is severely wounded.
You constrict the hound.
You kill the hound!
The orc closely misses you. The orc hits you with a +0 dagger.
* * * LOW HITPOINT WARNING * * *
The orc hits you with a +0 dagger.
You die...

# ######### ##..........
# #.......###...!.......
# #.......##............
# #.......##............
###......<.#...?........
...............[........
###..............o......
# #<......##)...@)......
###########......o......
.## #...#..#.#...... ..#
####.####........#. #.##
#....# #....###....
#..###.######..###...#..
##.....#....#......... .
......##............. #
.####.##....[........


You could see 2 orcs.

Vanquished Creatures
  An ogre (D:4)
  3 phantoms
  A scorpion (D:4)
  5 hounds
  2 orc priests (D:5)
  Jessica (D:3)
  An iguana (D:5)
  7 adders
  An ufetubus (D:5)
  A worm (D:2)
  3 dart slugs
  An orc (D:5)
  7 endoplasms
  A giant cockroach (D:4)
  5 goblins
  10 hobgoblins
  11 jackals
  7 kobolds
  A quokka (D:1)
  7 ball pythons
  5 bats
  5 frilled lizards
  4 rats
90 creatures vanquished.

Notes
Turn   | Place    | Note
-------+----------+-------------------------------------------
     0 | D:1      | Ethylacetat the Octopode Gladiator began the quest for the
                  | Orb.
     0 | D:1      | Reached XP level 1. HP: 14/14 MP: 1/1
    96 | D:1      | Reached XP level 2. HP: 5/19 MP: 2/2
   889 | D:1      | Reached XP level 3. HP: 19/25 MP: 3/3
  1242 | D:2      | Found an iron altar of Okawaru.
  1378 | D:2      | Reached XP level 4. HP: 30/30 MP: 4/4
  1689 | D:3      | Found Guiw's Vocational Training.
  1811 | D:3      | Noticed Jessica
  1818 | D:3      | Killed Jessica
  1819 | D:3      | Reached skill level 4 in Dodging
  1819 | D:3      | Reached XP level 5. HP: 31/36 MP: 5/5
  2385 | D:4      | Identified the +9 long sword "Xiuss" {venom, rC+ Will+}
  2523 | D:4      | Noticed a phantom
  2532 | D:4      | Killed a phantom
  2533 | D:4      | Reached skill level 1 in Shapeshifting
  2533 | D:4      | Reached XP level 6. HP: 21/43 MP: 6/6
  2660 | D:4      | Reached skill level 1 in Long Blades
  3179 | D:5      | Entered Level 5 of the Dungeon
  3186 | D:5      | Reached XP level 7. HP: 41/48 MP: 7/7
  3490 | D:5      | Reached skill level 5 in Dodging
  3530 | D:5      | HP: 2/49 [orc/+0 dagger (5)]
  3530 | D:5      | Slain by an orc

Illustrated notes

Levels and vault maps discovered:
D:1:      dpeg_arrival_round_c, layout_basic, minmay_crystal_water
D:2:      layout_loops_cross, basic_altar
D:3:      layout_basic, nicolae_shop_vocational, uniq_jessica
D:4:      layout_basic
D:5:      layout_rooms, uniq_ijyb, uniq_duvessa

Skill      XL: |  1  2  3  4  5  6  7 |
---------------+----------------------+-----
Fighting       | 3 4 |  4.5
Dodging        | 4 5 |  5.1
Unarmed Combat | 4 |  4.1
Shapeshifting  | 1 2 3 |  3.1
Long Blades    | 1 2 |  2.5
Throwing       | |  2.0

Action                     |  1- 3 |  4- 6 |  7- 9 || total
---------------------------+-------+-------+-------++-------
  Melee: Unarmed           |    85 |    62 |       ||   147
         Constrict         |    21 |    22 |     5 ||    48
         Tentacles         |    14 |    18 |     4 ||    36
         Punch             |     2 |     4 |     2 ||     8
         Long sword        |       |    25 |    24 ||    49
   Stab: Sleeping          |     7 |     4 |       ||    11
 Armour: Skin              |     7 |    10 |     2 ||    19
  Dodge: Dodged            |    49 |    56 |    14 ||   119

Table legend: (Time is in decaauts)
 A = Elapsed time spent in this place.
 B = Non-inter-level travel time spent in this place.
 C = Inter-level travel time spent in this place.
 D = Time resting spent in this place.
 E = Time spent auto-exploring this place.
 F = Levels seen in this place.
 G = Mean time per level.
                   A        B        C        D        E       F      G
               +--------+--------+--------+--------+--------+-----+--------+
         Total |   3534 |   3454 |     80 |      0 |   2899 |   5 |  706.8 |
       Dungeon |   3534 |   3454 |     80 |      0 |   2899 |   5 |  706.8 |
               +--------+--------+--------+--------+--------+-----+--------+

Top non-repeatable levels by time:
     D:1: 1008 daAuts
     D:4: 848 daAuts
     D:2: 674 daAuts
     D:3: 644 daAuts
     D:5: 358 daAuts
